Cogmind - Beta 12 @@@ ROGUE MODE // 2023.08.06 @ 19:19:34 // Winter2022/Polymind Player: Kersh Result: Destroyed by G-47 Trooper with Particle Gun Performance ------------- Evolutions (2) 1000 Regions Visited (3) 600 Robots Destroyed (10) 50 Value Destroyed (293) 293 Prototype IDs (0) 0 Alien Tech Used (0) 0 Bonus (1173) 1173 TOTAL SCORE: 2976 Bonus ------- Polymind Skill 973 Pacifist 200 Cogmind --------- Core Integrity 0/550 Matter 0/0 Energy 23/100 System Corruption 0% Temperature Cool (9) Movement Core (50) Location -8/Materials Parts ------- > --- POWER (1) -------- (None) > --- PROPULSION (2) --- (None) > --- UTILITY (1) ------ (None) > --- WEAPON (1) ------- (None) > --- INVENTORY (0) ---- (None) Peak State ------------ > --- POWER ------------ Light Nuclear Core > --- PROPULSION ------- Aluminum Leg Aluminum Leg > --- UTILITY ---------- Improved Heat Sink > --- WEAPON ----------- Particle Gun > --- INVENTORY -------- (None) [Rating: 10] Favorites ----------- Power Light Ion Engine Engine Light Ion Engine Power Core Light Nuclear Core Propulsion Aluminum Leg Leg Aluminum Leg Wheel Wheel Hover Unit Hover Unit Utility Heat Sink Device Heat Sink Storage Small Matter Pod Processor Visual Processing Unit Hackware Hacking Suite Weapon Small Laser Energy Gun Small Laser Special Weapon Mining Laser Special Melee Weapon Datajack Build | -11 -10 -9 -8 ------- Run | Jun Mat Mat Mat Slots Evolved . | . . . . Power . | . . . . Propulsion . | . . . . Utility . | . . . . Weapon . | . . . . Parts Attached . | . . . . Power . | . . . . Engine . | . . . . Core . | . . . . Reactor . | . . . . Propulsion . | . . . . Treads . | . . . . Leg . | . . . . Wheel . | . . . . Hover . | . . . . Flight . | . . . . Utility . | . . . . Device . | . . . . Storage . | . . . . Processor . | . . . . Hackware . | . . . . Protection . | . . . . Artifact . | . . . . Weapon . | . . . . Energy Gun . | . . . . Energy Cannon . | . . . . Ballistic Gun . | . . . . Ballistic Cannon . | . . . . Launcher . | . . . . Special Weapon . | . . . . Impact Weapon . | . . . . Slashing Weapon . | . . . . Piercing Weapon . | . . . . Special Melee Weapon . | . . . . Unidentified Prototypes . | . . . . Parts Lost 5 | . . . 5 Power 1 | . . . 1 Propulsion 2 | . . . 2 Utility 1 | . . . 1 Weapon 1 | . . . 1 Highest Loss Streak 4 | . . . 4 To Critical Strikes . | . . . . Average Slot Usage (%) 97 | . 100 100 94 Engine 17 | . 19 19 14 Core 2 | . . . 6 Leg 16 | . . 21 22 Wheel 15 | . 39 7 7 Hover 6 | . . 10 8 Device 14 | . 19 15 10 Storage 5 | . 10 3 3 Processor 3 | . . 10 . Hackware 1 | . . . 4 Energy Gun 9 | . . 10 12 Special Weapon 2 | . 9 . . Special Melee Weapon 1 | . . . 4 Naked Turns 10 | . . 1 9 Heaviest Build 9 | 6 6 7 9 Greatest Support 20 | 20 20 20 20 Greatest Overweight (x) . | . . . . Average Overweight (x) . | . . . . Largest Inventory Capacity 1 | . 1 1 1 Average Capacity . | . . . . Most Carried . | . . . . Average Carried . | . . . . Final Capacity 1 | . 1 1 . Final Carried . | . . . . Class Distribution -------------------- 42% | Grunt 23% | Worker 14% | Tunneler 9% | Watcher 7% | Operator Dominant Class ---------------- Tunneler | -10/Materials Grunt | -9/Materials Grunt | -8/Materials Resources | -11 -10 -9 -8 ----------- Run | Jun Mat Mat Mat Matter Collected . | . . . . Remotely . | . . . . Salvage Created 282 | . . 50 232 Parts 10 | . . 3 7 Haulers Intercepted . | . . . . Recyclers Shooed . | . . . . Parts Field Recycled . | . . . . Retrieved Matter . | . . . . Parts Self-Destructed . | . . . . Prevented . | . . . . Kills | -11 -10 -9 -8 ------- Run | Jun Mat Mat Mat Combat Hostiles Destroyed 10 | . . 2 8 Guns 9 | . . 2 7 AOE 1 | . . . 1 Classes Destroyed 2 | . . 1 1 Swarmer 4 | . . . 4 Grunt 6 | . . 2 4 Best Kill Streak 4 | . . 2 4 Combat Bots Only 4 | . . 2 4 Max Kills in Single Turn 1 | . . 1 1 Gunslinging . | . . . . Exploded 1 | . . . 1 Melee . | . . . . Uniques/NPCs Destroyed . | . . . . Combat | -11 -10 -9 -8 -------- Run | Jun Mat Mat Mat Damage Taken 1190 | . . 106 1084 Core 582 | . . 22 560 Absorbed by Shields . | . . . . Core Remaining (%) 98 | 100 100 94 . Volleys Fired 38 | . . 12 26 Largest 1 | . . 1 1 Hottest 65 | . . 40 65 Shots Fired 38 | . . 12 26 Gun 38 | . . 12 26 Cannon . | . . . . Launcher . | . . . . Special . | . . . . Kinetic . | . . . . Thermal 38 | . . 12 26 Explosive . | . . . . Electromagnetic . | . . . . Robot Hit Streak 9 | . . 7 9 Robot Miss Streak 1 | . . 1 1 Penetration Max . | . . . . Secondary Targets . | . . . . Shots Hit Robots 33 | . . 11 22 Core Hits 17 | . . 4 13 Critical Kills . | . . . . Critical Parts Destroyed . | . . . . Critical Strikes . | . . . . Melee Attacks 4 | . . . 4 Impact . | . . . . Slashing . | . . . . Piercing . | . . . . Sneak Attacks 1 | . . . 1 Combat Hostiles . | . . . . Follow-up Attacks . | . . . . Damage Inflicted 736 | . . 131 605 Guns 431 | . . 131 300 Cannons . | . . . . Explosions 283 | . . . 283 Melee . | . . . . Ramming 22 | . . . 22 Kinetic . | . . . . Thermal 714 | . . 131 583 Explosive . | . . . . Electromagnetic . | . . . . Impact . | . . . . Slashing . | . . . . Piercing . | . . . . Highest Corruption . | . . . . Average Corruption . | . . . . Corruption Purged . | . . . . Corruption Blocked . | . . . . Overload Shots . | . . . . Overflow Damage 81 | . . . 81 Projectiles . | . . . . Explosions 81 | . . . 81 Melee . | . . . . Knockbacks . | . . . . Impact . | . . . . Kinetic . | . . . . Secondary . | . . . . Self-Inflicted Damage 108 | . . . 108 Shots 1 | . . . 1 Rammed 6 | . . . 6 Targets Rammed 6 | . . . 6 Kicked . | . . . . Crushed . | . . . . Highest Temperature 72 | . . 54 72 Average Temperature 26 | . . 31 23 Received Heat Transfer 513 | . . 60 453 Siege Activations . | . . . . Robots Corrupted . | . . . . Combat Hostiles . | . . . . Parts Fried . | . . . . Impact Corruptions . | . . . . Robots Melted . | . . . . Combat Hostiles . | . . . . Parts Melted 3 | . . 1 2 Heat Transferred 1219 | . . 275 944 Parts Sabotaged . | . . . . Parts Stolen . | . . . . Parts Stripped . | . . . . Power Chain Reactions . | . . . . Missiles Intercepted . | . . . . Alert | -11 -10 -9 -8 ------- Run | Jun Mat Mat Mat Peak Influence 323 | . 5 53 323 Initial 22 | . . 1 22 Average 79 | . 1 24 167 Maximum Alert Level 1 | . . . 1 Low Security (%) 79 | 100 100 100 51 Level 1 20 | . . . 48 Level 2 . | . . . . Level 3 . | . . . . Level 4 . | . . . . Level 5 . | . . . . High Security . | . . . . Max Security . | . . . . Squads Dispatched 2 | . . . 2 Investigation . | . . . . Extermination . | . . . . Reinforcement 1 | . . . 1 Assault . | . . . . Garrison 1 | . . . 1 Intercept . | . . . . Searches Triggered . | . . . . Construction Impeded . | . . . . Haulers Reinforced . | . . . . Active Scanning Responses . | . . . . Cargo Convoy Interrupts . | . . . . Stealth | -11 -10 -9 -8 --------- Run | Jun Mat Mat Mat Distress Signals 3 | . . 1 2 Communications Jammed . | . . . . Distress Signals . | . . . . Times Spotted 36 | . . 7 29 Peak Tracking Total 8 | . . 4 8 Tactical Retreats . | . . . . Traps | -11 -10 -9 -8 ------- Run | Jun Mat Mat Mat Traps Triggered 1 | . . . 1 Indirectly . | . . . . Trap Hack Attempts . | . . . . Triggered . | . . . . Disarmed . | . . . . Reprogrammed . | . . . . Reused . | . . . . Traps Extracted . | . . . . Installed . | . . . . Triggered . | . . . . Machines | -11 -10 -9 -8 ---------- Run | Jun Mat Mat Mat Machines Disabled 1 | . . . 1 Max in Single Turn 1 | . . . 1 Machines Repaired . | . . . . Machines Sabotaged . | . . . . Overloaded Fab Kills . | . . . . Hacking | -11 -10 -9 -8 --------- Run | Jun Mat Mat Mat Machines Accessed 1 | . 1 . . Terminals 1 | . 1 . . Fabricators . | . . . . Repair Stations . | . . . . Recycling Units . | . . . . Scanalyzers . | . . . . Garrison Access . | . . . . Total Hacks 2 | . 2 . . Successful 1 | . 1 . . Failed 1 | . 1 . . Catastrophic . | . . . . Database Lockouts . | . . . . Manual 1 | . 1 . . Terminals 2 | . 2 . . Fabricators . | . . . . Repair Stations . | . . . . Recycling Units . | . . . . Scanalyzers . | . . . . Garrison Access . | . . . . Terminal Hacks 1 | . 1 . . Zone Layout 1 | . 1 . . Fabricator Hacks . | . . . . Repair Station Hacks . | . . . . Recycling Unit Hacks . | . . . . Scanalyzer . | . . . . Garrison Access Hacks . | . . . . Unauthorized Hacks . | . . . . Terminals . | . . . . Fabricators . | . . . . Repair Stations . | . . . . Recycling Units . | . . . . Scanalyzers . | . . . . Garrison Access . | . . . . Data Cores Recovered . | . . . . Used . | . . . . Hacking Detections 1 | . 1 . . Full Trace Events . | . . . . Feedback Events . | . . . . Feedback Blocked . | . . . . Robot Schematics Acquired . | . . . . Robots Built . | . . . . Authchips . | . . . . Time . | . . . . Total Robot Build Rating . | . . . . Part Schematics Acquired . | . . . . Parts Built . | . . . . Authchips . | . . . . Time . | . . . . Total Part Build Rating . | . . . . Parts Repaired . | . . . . Time . | . . . . Parts Recycled . | . . . . Recycled Matter . | . . . . Retrieved Matter . | . . . . Retrieved Components . | . . . . Parts Scanalyzed . | . . . . Part Schematics Acquired . | . . . . Parts Damaged . | . . . . Bothacking | -11 -10 -9 -8 ------------ Run | Jun Mat Mat Mat Used RIF Installer . | . . . . Robots Hacked 5 | . . 2 3 Non-combat 3 | . . 1 2 Combat 2 | . . 1 1 Robot Hacks Applied 7 | . . 3 4 parse_system 1 | . . . 1 find_terminals 1 | . . . 1 map_route 1 | . . 1 . mark_security 1 | . . 1 . find_shortcuts 2 | . . 1 1 find_garrison 1 | . . . 1 Relay Couplers Released . | . . . . Fabnet Peak Effective % . | . . . . Robots Rewired . | . . . . Allies Hacked . | . . . . Hacks Repelled . | . . . . Allies | -11 -10 -9 -8 -------- Run | Jun Mat Mat Mat Total Allies . | . . . . Largest Group . | . . . . Highest-Rated Group . | . . . . Highest-Rated Ally . | . . . . Total Orders . | . . . . Ally Attacks . | . . . . Total Damage . | . . . . Kills . | . . . . Allies Corrupted . | . . . . Allies Melted . | . . . . Intel | -11 -10 -9 -8 ------- Run | Jun Mat Mat Mat Robot Analysis Total 6 | 1 1 2 2 Derelict Logs Recovered . | . . . . Drone Launches . | . . . . Drone Recoveries . | . . . . Exploration | -11 -10 -9 -8 ------------- Run | Jun Mat Mat Mat Turns Passed 434 | 10 108 129 187 Spaces Moved 383 | 17 98 132 136 Core 16 | 10 . 2 4 Treads . | . . . . Legs 82 | . . 36 46 Wheels 170 | 7 98 24 41 Hover 115 | . . 70 45 Flight . | . . . . Fastest Speed 50 | 50 80 50 50 Average Speed 80 | 62 80 77 84 Slowest Speed 120 | 80 80 120 120 Overloaded Moves . | . . . . Propulsion Burnouts . | . . . . Robots Hopped . | . . . . Cave-ins Triggered . | . . . . Exploration Rate (%) 14 | 3 20 19 14 Regions Visited 3 Branch Regions . Pre-discovered Areas . | . . . . Known Exits Taken . | . . . . Unknown Exits Taken 3 | 1 1 1 . Scrap Searched . | . . . . Spaces Dug . | . . . . Terrain Destroyed 28 | . . . 28 Melee . | . . . . Projectile . | . . . . AOE 28 | . . . 28 Terrain Rammed . | . . . . Walls Destroyed . | . . . . Machines Disabled . | . . . . Actions | -11 -10 -9 -8 --------- Run | Jun Mat Mat Mat Total 468 | 16 127 146 179 Wait 14 | . 5 3 6 Move 380 | 16 97 131 136 Hop . | . . . . Pick Up . | . . . . Fast Attach . | . . . . Attach . | . . . . Detach . | . . . . Swap . | . . . . Drop . | . . . . Fire 38 | . . 12 26 Melee 4 | . . . 4 Ram 6 | . . . 6 Kick . | . . . . Crush . | . . . . Escape Stasis . | . . . . Rewire 1 | . . . 1 Trap . | . . . . Miscellaneous 25 | . 25 . . Route ------- -11/Junkyard -10/Materials -9/Materials (discovered 2 exits: [*Mat] / [*Min]) -8/Materials History --------- Turn | Location | Event 3 | -11/Junkyard | Discovered new exit (range 16) 11 | -11/Junkyard | Entered Materials 96 | -10/Materials | Discovered new exit (range 17) 119 | -10/Materials | Entered another Materials area 160 | -9/Materials | Discovered new exit (range 17) 237 | -9/Materials | Discovered new exit (range 3) 248 | -9/Materials | Entered another Materials area 386 | -8/Materials | Garrison activated, responded to threat 407 | -8/Materials | Core integrity fell below 50% 432 | -8/Materials | Core integrity fell below 20% 435 | -8/Materials | Destroyed by G-47 Trooper with Particle Gun Last Messages --------------- 00407_ Triggered Explosive Trap. 00407_ An explosion rips through the floor. 00407_ Atomic Centrifuge disabled. 00407_ W-25 Informer sends out distress signal. 00409_ The unstable cave ceiling collapses. 00413_ Aluminum Leg destroyed. 00425_ G-47 Trooper destroyed. 00427_ Aluminum Leg destroyed. 00431_ Fusion Modulator explodes. 00431_ Destroyed Carbon-fiber Leg. 00431_ Particle Gun destroyed. 00431_ Destroyed Particle Gun. 00431_ Lgt. Nuclear Core destroyed. 00431_ Destroyed Lgt. Nuclear Core. 00431_ G-34 Mercenary destroyed. 00431_ Slammed into G-50 Soldier. 00431_ Destabilizing: Core damaged (-11). 00432_ Released control of G-47 Trooper. 00434_ G-47 Trooper reactivates. 00434_ Slammed into Y-45 Defender. Map ----- +----------------------------------------------------+ | ??????????????????????????????????????? | | ??????????????????????????????????????? | | ???????????????????????????????????????! | | ???????????????????????????????????????# | | ???????????????????????????????????????# | | ???????????????????????????????????????# | | ???????????????????????????????????????+ | | ???????????????????????????????????????# | | ???????????????????????????????????????# | | ???????????????????+???????????????????# | | ????????????????#+?????????????????????# | | ???????????????# #????????????????????# | | ???????????????# w#????????????????????# | | ???????????????+ #????????????????????# | | ???????????????# #????????????????????# | | ???????????##### ####+#??#+#??????????# | | ???????????? #### ############ | | ?????????????? ""## #! ! # | | ??????#????????# Y"## # # | | ??????# ?#####?# ""?# # """"""" # | | ??????# ## # ### "T" #### # """"""" ## | | ????###+;;;;;;## # """"""" #? | | ????# ; ; ! %/ """"""" #? | | ????# ! ; ; ###%!# """"""" #? | | ????# ; ;Y % * #= ############# | | ????# g;;;@ # # + | | ????# gg% " " ############## | | ????#"" ;;;Y # """ #????????????# | | ????#"Y ]; ; # """ #????????????# | | ????#"" ; # #* #????????????# | | ????# ### #####+##????????????### | | ????########+#? #????????????????????? | | ?????????????? #????????????????????? | | ?????????????? ????????????????????? | | ?????????????## # ???????????????????? | | ??????????????########??????????????????? | | ????????????????????????????????????????? | | ????????????????????????????????????????? | | | | | | | | | | | | | | | | | | | | | | | | | +----------------------------------------------------+ Best States ------------- Heat Dissipation 40 Energy Generation 19 Energy Capacity 200 Matter Capacity 100 Sight Range 18 Robot Scan Range 14 Terrain Scan Range 16 Terrain Scan Density 10 Evasion (%) 55 Offensive Hacking 10 Item Schematics ----------------- None Robot Schematics ------------------ None Fabricated ------------ Nothing Alien Tech Used ----------------- None Achievements -------------- None Challenges ------------ None Polymind | -11 -10 -9 -8 ---------- Run | Jun Mat Mat Mat Hosts 7 | 1 1 2 3 Combat Hostiles 2 | . . 1 1 Allies . | . . . . Unique Host Classes 5 | 1 1 2 1 Average Host Suspicion 56 | 1 5 61 86 Unsuspicious Activity 200 | 2 154 30 14 Returns to Shadow . | . . . . Fuzzy Dispatches . | . . . . Protomatter Created 37 | . . 12 25 Used 77 | 5 5 27 40 Decayed . | . . . . Highest Spend 30 | 5 5 15 30 Top 5 Hosts by Kills: G-34 Mercenary (-9/Materials: 6) G-47 Trooper (-8/Materials: 4) Game ------ Seed HardlightScrapGenerator Manual? 0 Play Time 00:10:51 Cumulative 51.8 hours Start 2023.08.06 @ 19:11:07 End 2023.08.06 @ 19:19:34 Sessions 1 Manual Loads 0 Difficulty Rogue Special Mode Winter2022/Polymind Game No. 53 Rogue 50 Adventurer 1 Explorer 2 Win Type - Total 1 Types 1/0/0/0/0/0/0/0/0 Lore% 43 Gallery% 45 Achievement% 38 Wizard Run 0 Options --------- ASCII 0 Keyboard 0 Movement Numpad Keybinds 0 Fullscreen 2 Font 18/Terminus Map View 76x50 Tactical HUD 1 Map Filters NONE Filters NONE Steam 1 RUN: e3957e1f-8c98-4a84-b4be-659e70f89357